 Dungeon Crawl Stone Soup version 0.19.1 (webtiles) character file.

1438 tboon the Chopper (level 9, -4/71 HPs)
             Began as a Formicid Fighter on Dec 6, 2016.
             Slain by Prince Ribbit (9 damage)
             ... on level 6 of the Dungeon.
             The game lasted 00:14:54 (6229 turns).

tboon the Chopper (Formicid Fighter)                Turns: 6229, Time: 00:14:55

Health: -4/71      AC: 12    Str: 21    XL:     9   Next: 3%
Magic:  9/9        EV:  5    Int:  8    God:
Gold:   286        SH: 11    Dex: 13    Spells: 0 memorised, 8 levels left

rFire  . . .     SeeInvis +     a - +0 war axe
rCold  . . .     Gourm    .     d - +0 plate armour
rNeg   . . .     Faith    .     c - +0 shield
rPois  .         Spirit   .     (helmet unavailable)
rElec  .         Reflect  .     (no cloak)
rCorr  .         Harm     .     (no gloves)
MR     .....                    (no boots)
Stlth  ..........               (no amulet)
                                (no ring)
                                e - +1 ring of protection

@: no status effects
A: permanent stasis, dig shafts and tunnels, four strong arms, antennae 3
a: Dig, Shaft Self


You were on level 6 of the Dungeon.
You were not hungry.

You visited 1 branch of the dungeon, and saw 6 of its levels.

You collected 286 gold pieces.

Inventory:

Hand Weapons
 a - a +0 war axe (weapon)
Armour
 c - a +0 shield (worn)
 d - a +0 plate armour (worn)
   (You found it on level 4 of the Dungeon)
Jewellery
 e - a +1 ring of protection (left hand)
   (You found it on level 5 of the Dungeon)
Wands
 y - a wand of disintegration (21/24)
   (You found it on level 5 of the Dungeon)
 B - a wand of polymorph (4/24)
   (You took it off Sigmund on level 6 of the Dungeon)
Scrolls
 i - a scroll of recharging
 k - a scroll of identify
 l - a scroll of magic mapping {unknown}
 p - a scroll of amnesia {unknown}
 r - a scroll of remove curse
 s - a scroll of teleportation {unknown}
 t - a scroll of fear {unknown}
 v - a scroll of summoning {unknown}
 w - 2 scrolls of fog {unknown}
 x - a scroll of noise {unknown}
 D - a scroll of enchant armour {unknown}
 F - a scroll of enchant weapon {unknown}
Potions
 b - a potion of agility
 j - a potion of cancellation
 n - a potion of curing {unknown}
 o - 2 potions of flight {unknown}
 q - 2 potions of magic
 A - a potion of invisibility {unknown}
Comestibles
 f - 4 bread rations
 g - 9 fruits
 h - 5 beef jerkies
 m - 2 royal jellies
 z - a slice of pizza
 C - 2 meat rations


   Skills:
 + Level 6.6 Fighting
 * Level 7.6 Axes
 - Level 3.2 Armour
 + Level 7.3 Shields


You had 8 spell levels left.
You didn't know any spells.

Dungeon Overview and Level Annotations

Branches:
Dungeon (6/15)
 Temple: D:4-7

Altars:
Gozag
Makhleb
Nemelex Xobeh
Sif Muna
Trog
Yredelemnul

Annotations:
D:6 Prince Ribbit


Innate Abilities, Weirdness & Mutations

You are under a permanent stasis effect.
You can dig through walls and to a lower floor.
Your four strong arms can wield two-handed weapons with a shield.
You have a pair of large antennae on your head. (SInv)


Message History

Prince Ribbit is moderately wounded.
Prince Ribbit hits you. You block Prince Ribbit's attack.
You barely miss Prince Ribbit.
Prince Ribbit is moderately wounded.
You block Prince Ribbit's attack. x2
Your plate armour prevents you from hitting Prince Ribbit.
Prince Ribbit is moderately wounded.
Prince Ribbit hits you.
You closely miss Prince Ribbit.
Prince Ribbit is moderately wounded.
You block Prince Ribbit's attack. Prince Ribbit hits you.
Your plate armour prevents you from hitting Prince Ribbit.
Prince Ribbit is moderately wounded.
You block Prince Ribbit's attack.
You barely miss Prince Ribbit.
Prince Ribbit is moderately wounded.
Prince Ribbit hits you!
Prince Ribbit hits you but does no damage.
You hit Prince Ribbit.
Prince Ribbit is moderately wounded.
Prince Ribbit hits you!
* * * LOW HITPOINT WARNING * * *
You slash Prince Ribbit!
Prince Ribbit is heavily wounded.
Prince Ribbit hits you.
* * * LOW HITPOINT WARNING * * *
You block Prince Ribbit's attack.
You miss Prince Ribbit.
Prince Ribbit is heavily wounded.
Prince Ribbit hits you!
* * * LOW HITPOINT WARNING * * *
Prince Ribbit barely misses you.
You feel much better. You block Prince Ribbit's attack.
You closely miss Prince Ribbit.
Prince Ribbit is heavily wounded.
You block Prince Ribbit's attack. Prince Ribbit hits you.
Your plate armour prevents you from hitting Prince Ribbit.
Prince Ribbit is heavily wounded.
You block Prince Ribbit's attack.
Prince Ribbit hits you but does no damage.
You hit Prince Ribbit.
Prince Ribbit is severely wounded.
Prince Ribbit lets out a mournful croak.
Prince Ribbit hits you.
You closely miss Prince Ribbit.
Prince Ribbit is severely wounded.
Prince Ribbit hits you but does no damage.
Prince Ribbit hits you!
* * * LOW HITPOINT WARNING * * *
You miss Prince Ribbit.
Prince Ribbit is severely wounded.
Prince Ribbit catches a mouse with his tongue.
Prince Ribbit hits you.
* * * LOW HITPOINT WARNING * * *
Your plate armour prevents you from hitting Prince Ribbit.
Prince Ribbit is severely wounded.
You block Prince Ribbit's attack. x2
You barely miss Prince Ribbit.
Prince Ribbit is severely wounded.
Prince Ribbit catches a blue-tailed skink with his tongue.
Prince Ribbit blinks!
Prince Ribbit blinks!
Prince Ribbit blinks!
You see here a ring mail.
You hit Prince Ribbit.
Prince Ribbit is severely wounded.
Prince Ribbit blinks!
Prince Ribbit blinks!
Prince Ribbit blinks!
Prince Ribbit blinks!
Prince Ribbit blinks!
All of the chunks of flesh in your inventory have rotted away.
An ogre comes into view. It is wielding a giant club.
The ogre shouts!
Prince Ribbit croaks regally.
You see here a trident.
Prince Ribbit catches a baby bat with his tongue.
Prince Ribbit blinks!
Prince Ribbit blinks!
Prince Ribbit blinks!
Prince Ribbit sighs, "It's not easy being green!"
Prince Ribbit blinks!
Prince Ribbit hits you!
* * * LOW HITPOINT WARNING * * *
You block Prince Ribbit's attack.
Prince Ribbit blinks!
Prince Ribbit blinks!
Prince Ribbit blinks!
You see here 3 tomahawks.
Prince Ribbit blinks!
Prince Ribbit catches a blue-tailed skink with his tongue.
Prince Ribbit blinks!
Prince Ribbit barely misses you.
You closely miss Prince Ribbit.
Prince Ribbit is lightly wounded.
You hit the ogre but do no damage. Prince Ribbit barely misses you.
The ogre hits you with a giant club!
* * * LOW HITPOINT WARNING * * *
Prince Ribbit hits you!
You die...

##.######.# #
#..## ##.#.##
#.# #.###....
#.###.# #..
#........
#..#.## ###
#####..## #.#.##
.#####..# #.###
........## #.#
#######..#
#.############
##..
#...<.F@O....#
#..
#.############.#
#.. #. #.# #..
####. #F# #..
....## #.# #[.
...### #.# #..
#.#.#########.#
#..
#..#....F.....#
#..
#.#.###########
#..


You could see Prince Ribbit and an ogre.

Vanquished Creatures
  Sigmund (D:6)
  A necrophage (D:5)
  3 ogres
  Blork the orc (D:4)
  A bullfrog (D:6)
  A water moccasin zombie (D:6)
  2 scorpions (D:6)
  The ghost of christhawk the Shooter, a weakling CeHu (D:3)
  2 howler monkeys (D:5)
  A crimson imp (D:5)
  A bullfrog zombie (D:6)
  A jelly (D:5)
  A bullfrog skeleton (D:5)
  4 worker ants
  A worker ant zombie (D:5)
  8 adders
  7 gnolls
  An ooze (D:1)
  An adder zombie (D:5)
  2 adder skeletons
  8 worms
  4 dart slugs
  3 leopard geckos
  8 orcs
  3 ball pythons
  10 bats
  3 giant cockroaches
  9 goblins
  11 hobgoblins
  14 jackals
  5 quokkas
  3 frilled lizards
  A jackal skeleton (D:5)
  9 kobolds
  A leopard gecko skeleton (D:3)
  8 rats
141 creatures vanquished.

Notes
Turn   | Place    | Note
-------+----------+-------------------------------------------
     0 | D:1      | tboon the Formicid Fighter began the quest for the Orb.
     0 | D:1      | Reached XP level 1. HP: 18/18 MP: 1/1
   100 | D:1      | Reached XP level 2. HP: 24/24 MP: 2/2
   324 | D:1      | Reached skill level 4 in Shields
   495 | D:1      | Reached XP level 3. HP: 26/30 MP: 3/3
   691 | D:1      | Reached skill level 4 in Fighting
   884 | D:2      | Reached XP level 4. HP: 30/37 MP: 4/4
  1254 | D:2      | Reached skill level 3 in Axes
  1319 | D:2      | HP: 9/38 [poisoned by an adder]
  1326 | D:2      | HP: 7/38 [poisoned by an adder]
  1333 | D:2      | HP: 6/38 [poisoned by an adder]
  1642 | D:2      | Reached XP level 5. HP: 40/43 MP: 5/5
  1826 | D:3      | Noticed christhawk's ghost (weakling CeHu)
  1835 | D:3      | Killed christhawk's ghost
  2175 | D:3      | Reached skill level 4 in Axes
  2213 | D:3      | Reached XP level 6. HP: 49/49 MP: 6/6
  2570 | D:4      | Found a deep blue altar of Sif Muna.
  2609 | D:4      | Noticed an ogre
  2615 | D:4      | Killed an ogre
  2615 | D:4      | Reached skill level 5 in Fighting
  2615 | D:4      | Reached skill level 5 in Shields
  2820 | D:4      | Found a basalt altar of Yredelemnul.
  2832 | D:4      | Found an opulent altar of Gozag.
  2915 | D:4      | Found a sparkling altar of Nemelex Xobeh.
  2920 | D:4      | Found a burning altar of Makhleb.
  3027 | D:4      | Noticed Blork the orc
  3045 | D:4      | Killed Blork the orc
  3045 | D:4      | Reached XP level 7. HP: 34/56 MP: 7/7
  3280 | D:4      | Reached skill level 5 in Axes
  3519 | D:5      | Entered Level 5 of the Dungeon
  4032 | D:5      | Reached skill level 6 in Shields
  4260 | D:5      | HP: 13/54 [poisoned by a worker ant]
  4505 | D:5      | Got a steaming ring mail
  4525 | D:5      | Reached skill level 6 in Axes
  4525 | D:5      | Reached XP level 8. HP: 61/62 MP: 8/8
  4682 | D:5      | Got an emerald-studded leather armour
  4980 | D:5      | Reached skill level 6 in Fighting
  5523 | D:6      | Found a bloodstained altar of Trog.
  5558 | D:6      | Reached skill level 7 in Axes
  5563 | D:6      | Reached skill level 7 in Shields
  5833 | D:6      | Noticed Sigmund
  5838 | D:6      | Killed Sigmund
  5933 | D:6      | Reached XP level 9. HP: 45/69 MP: 9/9
  6083 | D:6      | Noticed Prince Ribbit
  6110 | D:6      | HP: 16/69 [Prince Ribbit (9)]
  6112 | D:6      | HP: 1/69 [Prince Ribbit (12)]
  6117 | D:6      | HP: 10/71 [Prince Ribbit (14)]
  6197 | D:6      | HP: 13/71 [Prince Ribbit (12)]
  6229 | D:6      | HP: 5/71 [ogre/giant club (14)]
  6229 | D:6      | Slain by Prince Ribbit

Skill      XL: |  1  2  3  4  5  6  7  8 |
---------------+-------------------------+-----
Shields        | 4 5 6 7 |  7.3
Fighting       | 4 5 6 |  6.6
Axes           | 3 4 6 7 |  7.6
Armour         | |  3.2

Action                   |  1- 3 |  4- 6 |  7- 9 || total
-------------------------+-------+-------+-------++-------
Melee: War axe           |   128 |   185 |   279 ||   592
Throw: Tomahawk          |     3 |       |       ||     3
Evoke: Wand              |       |       |     1 ||     1
  Use: Potion            |       |     1 |     1 ||     2
       Scroll            |       |     3 |     3 ||     6
  Eat: Chunk             |       |     7 |     6 ||    13
       Meat ration       |       |       |     1 ||     1
Armor: Scale mail        |    19 |       |       ||    19
       Chain mail        |    59 |    85 |       ||   144
       Plate armour      |       |     8 |   140 ||   148
Dodge: Dodged            |    32 |    42 |    60 ||   134
Block: Shield            |    85 |    82 |   172 ||   339

Vault maps used:
D:1:      minmay_arrival_three_doors
D:2:      first_bread
D:3:      minmay_misc_feat_x
D:4:      grunt_temple_overflow_cloverleaf, lemuel_blue_sif_altar,
          uniq_blork_the_orc
D:5:      kennysheep_generic_room_5
D:6:      bloody_trog, uniq_prince_ribbit1, uniq_sigmund

Table legend:
 A = Turns spent in this place as a percentage of turns spent in the entire game.
 B = Non-inter-level travel turns spent in this place as a percentage of non-inter-level travel turns spent in the entire game.
 C = Inter-level travel turns spent in this place as a percentage of turns spent in this place.
 D = Turns resting spent in this place as a percentage of non-inter-level travel turns spent in this place.
 E = Turns spent auto-exploring this place as a percentage of non-inter-level travel turns spent in this place.
 F = Non-inter-level travel turns spent in this place divided by the number of levels of this place that you've seen.
                   A       B       C       D       E      F
               +-------+-------+-------+-------+-------+----------------------
         Total | 100.0 | 100.0 |   0.4 |   3.7 |  12.9 | 250.3
       Dungeon | 100.0 | 100.0 |   0.4 |   3.7 |  12.9 | 250.3
               +-------+-------+-------+-------+-------+----------------------

Table legend:
 A = Kills in this place as a percentage of kills in entire the game.
 B = Kills by you in this place as a percentage of kills by you in the entire game.
 C = Kills by friends in this place as a percentage of kills by friends in the entire game.
 D = Other kills in this place as a percentage of other kills in the entire game.
 E = Experience gained in this place as a percentage of experience gained in the entire game.
 F = Experience gained in this place divided by the number of levels of this place that you have seen.
                   A       B       C       D       E      F
               +-------+-------+-------+-------+-------+----------------------
         Total | 100.0 | 100.0 |  -nan |  -nan | 100.0 | 342.5
       Dungeon | 100.0 | 100.0 |  -nan |  -nan | 100.0 | 342.5
               +-------+-------+-------+-------+-------+----------------------
